 Dungeon Crawl Stone Soup version 0.17.1-3-g152610e (webtiles) character file.

390 dobroeutro the Shield-Bearer (level 6, 0/40 HPs)
             Began as a Gargoyle Fighter on Apr 23, 2016.
             Slain by an ogre
             ... wielding a cursed -3 giant club
              (15 damage)
             ... on level 4 of the Dungeon.
             The game lasted 00:04:34 (2338 turns).

dobroeutro the Shield-Bearer (Gargoyle Fighter)     Turns: 2338, Time: 00:04:34

Health: 0/40       AC: 15    Str: 21    XL:     6   Next: 80%
Magic:  6/6        EV:  7    Int:  9    God:
Gold:   214        SH:  9    Dex:  9    Spells: 0 memorised, 5 levels left

rFire  . . .     SeeInvis .     a - +0 flail
rCold  + . .     Clarity  .     b - +0 scale mail
rNeg   + . .     SustAt   .     c - +0 shield
rPois  ∞         Gourm    .     m - +0 helmet
rElec  +         Spirit   .     s - +1 cloak
rCorr  .         Warding  .     (no gloves)
rMut   .         Stasis   .     (no boots)
MR     .....                    (no amulet)
Stlth  ..........               (no ring)
                                p - ring of protection from cold

@: not resistant to hostile enchantments, extremely unstealthy
A: negative energy resistance 1, electricity resistance, unbreathing,
petrification resistance, rot immunity, AC +4
a: no special abilities


You were on level 4 of the Dungeon.
You were very hungry.

You visited 1 branch of the dungeon, and saw 4 of its levels.
You also visited: Sewer.

You collected 214 gold pieces.

Inventory:

Hand Weapons
 a - a +0 flail (weapon)
Armour
 b - a +0 scale mail (worn)
 c - a +0 shield (worn)
 m - a +0 helmet (worn)
 s - a +1 cloak (worn)
Jewellery
 p - a ring of protection from cold (left hand)
Wands
 g - a wand of teleportation (5)
 x - a wand of confusion (21)
Scrolls
 j - 2 scrolls of identify
 q - a scroll of remove curse
 v - a scroll of enchant weapon {unknown}
 w - a scroll of magic mapping {unknown}
Potions
 d - 2 potions of might
 f - 2 potions of degeneration
 h - 2 potions of flight
 i - 4 potions of curing {unknown}
 k - 3 potions of heal wounds {unknown}
 l - a potion of invisibility {unknown}
 n - a potion of ambrosia {unknown}
 o - a potion of lignification {unknown}
 t - a potion of beneficial mutation {unknown}
 u - a potion of cancellation {unknown}
Comestibles
 e - 5 bread rations
 r - a meat ration


   Skills:
 + Level 5.0 Fighting
 + Level 3.7 Maces & Flails
 + Level 4.8 Armour
 + Level 5.1 Shields


You had 5 spell levels left.
You didn't know any spells.

Dungeon Overview and Level Annotations

Branches:
Dungeon (4/15)
 Temple: D:4-7

Altars:
Makhleb
Qazlal

Shops:
D:4 %


Innate Abilities, Weirdness & Mutations

You are resistant to torment.
Your stone body is resilient (AC +4).
You are immune to poison.
You resist negative energy.
You are resistant to electric shocks.
You can survive without breathing.
You are immune to petrification.
You are immune to rotting.


Message History

You hit the ogre but do no damage. The ogre hits you but does no damage.
You hit the ogre.
The ogre is lightly wounded.
You block the ogre's attack.
You hit the ogre.
The ogre is moderately wounded.
You block the ogre's attack.
You barely miss the ogre.
The ogre is moderately wounded.
The ogre barely misses you.
You thump the ogre!
The ogre is heavily wounded.
The ogre hits you with a giant club.
You barely miss the ogre.
The ogre is heavily wounded.
The ogre hits you but does no damage.
You thump the ogre!
The ogre is almost dead.
The ogre hits you with a giant club!
You die...

...........#...............#....#
......................######....#
##########............# #....#
#............# #....#
#######)########## #....#
..........# #....# #######.#.#
##### #....# ##...#.####...#
####....#
.......(.....@O....###...###..
#######.###.####...#E#...#E#.#
#.# #.# #...###...###.# ..# #.#
#.............# .... ...
+......._.....# ..... #.#
#O...........## ##### #.#
#.#.###...#### #... #...#E#...#E#
##.##..###...###


You could see an ogre.

Vanquished Creatures
  An ogre (D:4)
  A big kobold (Sewer)
  A giant frog skeleton (D:4)
  Ijyb (D:3)
  A centaur skeleton (D:4)
  An iguana (D:4)
  A river rat (Sewer)
  5 adders (D:2)
  A gnoll (D:1)
  An adder skeleton (D:4)
  8 giant geckos
  3 giant cockroaches
  6 goblins
  10 hobgoblins
  A jackal (Sewer)
  2 ball pythons (D:1)
  A bat (D:1)
  8 giant newts
  8 kobolds
  13 rats
74 creatures vanquished.

Notes
Turn   | Place    | Note
--------------------------------------------------------------
     0 | D:1      | dobroeutro the Gargoyle Fighter began the quest for the Orb.
     0 | D:1      | Reached XP level 1. HP: 14/14 MP: 1/1
   172 | D:1      | Reached XP level 2. HP: 8/19 MP: 2/2
   338 | D:1      | Reached XP level 3. HP: 13/23 MP: 3/3
   545 | D:2      | Reached skill level 4 in Shields
   898 | D:2      | Reached XP level 4. HP: 29/29 MP: 4/4
  1045 | D:2      | Found a burning altar of Makhleb.
  1321 | D:3      | Noticed Ijyb
  1353 | D:3      | Killed Ijyb
  1353 | D:3      | Reached XP level 5. HP: 29/33 MP: 5/5
  1382 | D:3      | Found a glowing drain.
  1386 | Sewer    | Entered a sewer
  1503 | Sewer    | Found a white marble altar of Elyvilon.
  2050 | D:3      | Reached XP level 6. HP: 39/39 MP: 6/6
  2137 | D:4      | Found Hoono's Food Emporium.
  2247 | D:4      | Reached skill level 5 in Shields
  2268 | D:4      | Found a stormy altar of Qazlal.
  2269 | D:4      | Noticed a fire elemental
  2269 | D:4      | Noticed a water elemental
  2269 | D:4      | Noticed an air elemental
  2328 | D:4      | Reached skill level 5 in Fighting
  2338 | D:4      | Slain by an ogre

Action                   |  1- 3 |  4- 6 || total
-------------------------+-------+-------++-------
Melee: Flail             |    94 |   200 ||   294
  Use: Scroll            |       |     6 ||     6
       Potion            |       |     1 ||     1
  Eat: Chunk             |       |     4 ||     4
